 Dungeon Crawl Stone Soup version 0.23-a0-358-g98c7a59 (webtiles) character file.

212 George the Cudgeler (level 5, -10/32 HPs)
             Began as a Gargoyle Fighter on Oct 22, 2018.
             Killed from afar by Ijyb (13 damage)
             ... with a wand of acid (4)
             ... on level 3 of the Dungeon.
             The game lasted 00:03:48 (2573 turns).

George the Cudgeler (Gargoyle Fighter)              Turns: 2573, Time: 00:03:48

Health: -10/32     AC: 15    Str: 20    XL:     5   Next: 89%
Magic:  14/14      EV:  7    Int:  9    God:
Gold:   231        SH:  9    Dex:  9    Spells: 4/4 levels left

rFire    . . .     SeeInvis .   a - +0 flail
rCold    . . .     Gourm    .   c - +0 shield
rNeg     + . .     Faith    .   t - +2 scale mail {rPois}
rPois    ∞         Spirit   .   p - +0 helmet
rElec    +         Reflect  .   l - +0 cloak
rCorr    .         Harm     .   (no gloves)
MR       .....                  (no boots)
Stlth    +.........             (no amulet)
HPRegen  0.10/turn              e - ring of stealth
MPRegen  0.14/turn              r - ring of magical power

@: no status effects
A: negative energy resistance 1, electricity resistance, unbreathing,
petrification resistance, rot immunity, AC +4
a: no special abilities


You were on level 3 of the Dungeon.
You were not hungry.

You visited 1 branch of the dungeon, and saw 3 of its levels.

You collected 231 gold pieces.

Inventory:

Hand Weapons
 a - a +0 flail (weapon)
Armour
 c - a +0 shield (worn)
 l - a +0 cloak (worn)
 p - a +0 helmet (worn)
 t - a +2 scale mail of poison resistance (worn)
Jewellery
 e - a ring of stealth (left hand)
 r - a ring of magical power (right hand)
Scrolls
 g - 3 scrolls of teleportation {unknown}
 h - a scroll of identify {unknown}
 j - a scroll of remove curse {unknown}
 k - a scroll of immolation {unknown}
 n - a scroll of fear {unknown}
 o - a scroll of fog {unknown}
 q - a scroll of enchant armour {unknown}
Potions
 d - a potion of might
 i - a potion of brilliance {unknown}
 m - 2 potions of agility
Comestibles
 f - 5 rations
 s - a chunk of flesh


   Skills:
 - Level 3.2 Fighting
 + Level 5.9 Maces & Flails
 - Level 3.2 Armour
 - Level 3.2 Shields


You had 4 spell levels left.
You didn't know any spells.
Your spell library was empty.

Dungeon Overview and Level Annotations

Branches:
Dungeon (3/15)

Altars:
Nemelex Xobeh

Annotations:
D:3 Ijyb


Innate Abilities, Weirdness & Mutations

You are resistant to torment.
Your stone body is resilient. (AC +4)
You are immune to poison.
You resist negative energy. (rN+)
You are resistant to electric shocks. (rElec)
You can survive without breathing.
You are immune to petrification.
You are immune to rotting.


Message History

The bolt of acid hits the hobgoblin.
The hobgoblin is splashed with acid.
The acid corrodes the hobgoblin!
The hobgoblin dies!
You sock Ijyb!
Ijyb is moderately wounded.
Ijyb hits you but does no damage.
You sock Ijyb!
Ijyb is severely wounded.
Ijyb hits you but does no damage.
Your shield and scale mail prevent you from hitting Ijyb.
Ijyb is severely wounded.
Ijyb hits you but does no damage.
You closely miss Ijyb.
Ijyb is severely wounded.
Ijyb screams, "Me stronger than you!"
Ijyb zaps a wand.
The bolt of acid hits you!
You are splashed with acid!
The acid burns!
* * * LOW HITPOINT WARNING * * *
Ijyb zaps a wand.
The bolt of acid hits you!
You die...

............###
..##..........#
..g@.#.g###.#.#..#
..##..gg# #.#.#..#
####g# #)).#..# #.#
#)..#..#
#.###†..#..#
#..######.#.....#..#
#.....?@g...#..##..#
...######..........#
.......).....##.##
.######.#.##.##.#
######.#.##.##.#
#...........##.#
#.####.#.##.##.# #.
#.#.#.....#
#.####.#.#.###.#


You could see Ijyb.

Vanquished Creatures
  A hound (D:3)
  Terence (D:2)
  Robin (D:2)
  4 gnolls
  3 adders
  2 worms (D:2)
  A dart slug (D:3)
  A leopard gecko (D:2)
  6 orcs
  4 giant cockroaches
  12 goblins
  8 hobgoblins
  3 ball pythons
  10 bats
  2 frilled lizards
  3 kobolds
  7 rats
69 creatures vanquished.

Vanquished Creatures (others)
  An orc (D:3)
  A hobgoblin (D:3)
  5 toadstools (D:1)
7 creatures vanquished.

Grand Total: 76 creatures vanquished

Notes
Turn   | Place    | Note
-------+----------+-------------------------------------------
     0 | D:1      | George the Gargoyle Fighter began the quest for the Orb.
     0 | D:1      | Reached XP level 1. HP: 14/14 MP: 1/1
   244 | D:1      | Reached XP level 2. HP: 16/19 MP: 2/2
   305 | D:1      | Found a sparkling altar of Nemelex Xobeh.
   364 | D:1      | Reached skill level 3 in Maces & Flails
   835 | D:2      | Reached XP level 3. HP: 21/23 MP: 3/3
   916 | D:2      | Noticed Robin
   928 | D:2      | Killed Robin
   985 | D:2      | Reached skill level 4 in Maces & Flails
   996 | D:2      | Reached XP level 4. HP: 9/28 MP: 4/4
  1847 | D:3      | Found a faded altar of an unknown god.
  1990 | D:3      | Reached skill level 5 in Maces & Flails
  1990 | D:3      | Reached XP level 5. HP: 27/32 MP: 5/5
  2087 | D:3      | Noticed Terence
  2089 | D:3      | Noticed Ijyb
  2425 | D:2      | Killed Terence
  2573 | D:3      | Killed from afar by Ijyb

Vault maps used:
D:1:      ldierk_walled_garden, nemelex_diamond_rough_becter
D:2:      first_ration, uniq_robin
D:3:      chequers_ecumenical_altar_island, uniq_grinder, uniq_terence,
          uniq_jessica, uniq_ijyb

Skill      XL: |  1  2  3  4 |
---------------+-------------+-----
Maces & Flails | 3 4 5 |  5.9
Fighting       | |  3.2
Armour         | |  3.2
Shields        | |  3.2

Action                   |  1- 3 |  4- 6 || total
-------------------------+-------+-------++-------
Melee: Flail             |   132 |   198 ||   330
  Eat: Chunk             |       |     6 ||     6
Armor: Scale mail        |   101 |   166 ||   267
Dodge: Dodged            |    54 |    94 ||   148
Block: Shield            |    81 |   120 ||   201

Table legend:
 A = Non-vault XP
 B = Vault XP
 C = Vault XP percentage of total XP
 D = Non-vault monster count
 E = Vault monster count
 F = Vault count percentage of total count
                 A         B        C        D         E       F
            +---------+---------+-------+---------+---------+-------
      Total |     231 |      72 |  23.8 |      57 |      12 |  17.4
            +---------+---------+-------+---------+---------+-------
        D:1 |      23 |       0 |   0.0 |      15 |       0 |   0.0
        D:2 |     111 |      72 |  39.3 |      30 |      12 |  28.6
        D:3 |      97 |       0 |   0.0 |      12 |       0 |   0.0
            +---------+---------+-------+---------+---------+-------
